Map: Dusk Towers

Players

GUYFOX - Winner!

  • Race: Zerg Zerg
  • League: Platinum

LilDicky

  • Race: Terran Terran
  • League: Diamond

VOD

http://www.twitch.tv/tumescentpie

Description

Time

  • Played on: Dec. 1, 2015, 6:14 p.m.
  • Length: 13:29
Show
View Real Time Build Order
Export as new Build Order

GUYFOX Zerg - Winner!

Build Orders: Hatch First 

Get SALT Encoding   

  12  0:01  Drone  
  13  0:08  Drone  
  14  0:18  Overlord  
  14  0:43  Hatchery  
  14  0:47  Drone  
  14  0:49  Drone  
  15  1:07  Spawning Pool  
  15  1:10  Drone  
  15  1:14  Drone  
  15  1:17  Drone  
  17  1:25  Drone  
  18  1:28  Extractor  
  18  1:32  Overlord  
  17  1:43  Drone  
  18  1:54  Queen  
  18  1:55  Queen  
  18  2:00  Drone  
  23  2:03  Drone  
  23  2:08  Zergling x2  
  25  2:09  Drone  
  25  2:15  Drone  
  27  2:22  Drone  
  28  2:29  Zergling x2  
  28  2:54  Drone  
  28  2:55  Drone x4  
  33  3:00  Queen  
  33  3:02  Drone  
  36  3:26  Overlord x2  
  36  3:34  Overlord  
  36  3:40  Hatchery  
  35  3:43  Extractor  
  35  3:45  Extractor  
  33  3:49  Drone x6  
  33  3:50  Drone x2  
  33  3:51  Drone x3  
  33  3:52  Drone  
  45  4:04  Roach Warren  
  44  4:11  Drone x3  
  47  4:24  Evolution Chamber, Drone x3  
  49  4:28  Evolution Chamber  
  48  4:32  Spore Crawler  
  48  4:35  Spore Crawler  
  46  4:51  Drone x4  
  46  4:52  Drone x7  
  57  4:55  Spore Crawler  
  54  5:14  Lair  
  54  5:22  Spore Crawler  
  54  5:37  Roach  
  54  5:38  Roach x5  
  54  5:39  Queen  
  54  5:41  Overlord x3  
  66  5:47  Spore Crawler  
  61  5:50  Drone x4  
  61  5:56  Extractor x2  
  63  5:59  Ravager  
  63  6:00  Ravager x2  
  64  6:15  Queen x2  
  68  6:22  Roach  
  68  6:23  Roach x10  
  90  6:25  Glial Reconstitution  
  90  6:31  Zerg Missile Weapons Level 1  
  90  6:32  Zerg Ground Armor Level 1  
  90  7:04  Overseer  
  90  7:14  Overlord x2  
  90  7:15  Overlord  
  90  7:16  Overlord x2  
  90  7:17  Overlord x2  
  90  7:28  Overlord x2  
  90  7:29  Overlord  
  90  7:35  Drone x3  
  90  7:36  Drone x2  
  95  7:37  Drone  
  96  7:47  Spawning Pool  
  96  7:48  Overseer  
  95  7:57  Hydralisk Den  
  94  8:18  Roach x7  
  94  8:19  Roach x9  
  126  8:26  Overseer  
  126  8:28  Hydralisk  
  126  8:29  Hydralisk x6  
  140  9:03  Spore Crawler  
  140  9:07  Zerg Missile Weapons Level 2  
  140  9:09  Zerg Ground Armor Level 2  
  110  9:19  Hydralisk  
  110  9:20  Hydralisk x4  
  108  9:35  Muscular Augments  
  102  9:50  Hydralisk x4  
  102  9:51  Roach  
  102  9:52  Roach, Zergling x2  
  95  9:53  Zergling x20  
  97  10:04  Drone x2  
  99  10:13  Metabolic Boost  
  97  10:21  Extractor  
  90  10:29  Hydralisk x7  
  104  10:44  Pneumatized Carapace  
  104  10:46  Drone x3  
  104  10:49  Hatchery  
  106  11:01  Hydralisk x3  
  106  11:02  Zergling x2  
  106  11:03  Zergling x18  
  122  11:12  Nydus Network  
  121  11:20  Queen  
  121  11:21  Queen  
  125  11:51  Roach  
  125  11:52  Roach x18  
  159  12:05  Roach x6  
  159  12:06  Roach  
  142  12:09  Roach  
  142  12:14  Queen  
  146  12:21  Nydus Canal  
  146  12:25  Queen  
  144  12:53  Nydus Canal  
  128  12:58  Overseer  
Show
View Real Time Build Order
Export as new Build Order

LilDicky Terran 

Build Orders: Mech, Banshee Rush 

Get SALT Encoding   

  12  0:02  SCV  
  13  0:14  SCV  
  14  0:18  Supply Depot  
  14  0:26  SCV  
  15  0:31  Refinery  
  15  0:39  SCV  
  16  0:46  Barracks  
  16  0:51  SCV  
  17  1:04  SCV  
  18  1:16  SCV  
  19  1:28  SCV  
  20  1:33  Reaper  
  20  1:34  Supply Depot  
  21  1:40  Refinery, Orbital Command  
  21  2:02  Factory  
  21  2:05  Marine  
  23  2:08  SCV  
  23  2:20  SCV  
  24  2:26  Marine  
  25  2:32  SCV  
  26  2:44  Marine  
  26  2:45  Factory Tech Lab  
  26  2:48  Starport  
  27  2:52  SCV  
  28  3:04  SCV  
  29  3:18  SCV  
  30  3:28  Marine  
  30  3:35  Cloaking Field  
  30  3:36  Command Center  
  30  3:37  SCV  
  30  3:39  Banshee  
  34  3:41  Factory Tech Lab  
  34  3:46  Command Center  
  34  3:49  SCV  
  35  3:56  Refinery x2  
  35  4:01  SCV  
  37  4:11  Supply Depot  
  37  4:13  Barracks Reactor, Siege Tank  
  39  4:32  Banshee  
  39  4:33  SCV  
  39  4:34  Supply Depot  
  43  4:45  SCV  
  44  4:50  Orbital Command  
  44  4:57  SCV  
  45  5:09  SCV  
  45  5:11  Orbital Command  
  46  5:15  Banshee  
  46  5:17  SCV  
  46  5:18  Siege Tank  
  53  5:21  SCV  
  54  5:29  SCV  
  55  5:44  Marine  
  55  5:47  Marine  
  54  5:58  Banshee  
  57  6:22  Siege Tank  
  57  6:36  Factory  
  57  6:37  Factory  
  57  6:38  SCV x2, Factory  
  59  6:41  Banshee  
  62  6:54  Siege Tank  
  65  7:20  Orbital Command  
  62  7:24  Banshee  
  62  7:26  Siege Tank  
  62  7:29  Factory Reactor x3  
  68  8:31  SCV x2  
  70  8:40  Hellion x4, Siege Tank  
  81  8:43  SCV x3  
  84  8:51  Factory x2  
  84  8:52  Factory  
  84  8:54  Factory  
  84  8:55  SCV x3  
  85  8:57  Hellion x2  
  85  9:00  Refinery  
  85  9:01  Marine x2  
  85  9:02  Hellion, Refinery  
  92  9:07  Fusion Core  
  92  9:09  Supply Depot  
  92  9:10  Supply Depot  
  92  9:12  Supply Depot  
  91  9:17  Banshee  
  82  9:34  Hellion x7  
  78  9:55  Factory Tech Lab x4, Hellion  
  78  9:56  Hellion x5  
  81  10:00  Banshee  
  81  10:01  Hellion  
  81  10:16  Hellion  
  81  10:19  Supply Depot  
  83  10:25  SCV x2, Starport x2  
  83  10:27  Marine x2  
  87  10:30  Command Center  
  87  10:32  Armory, Hellion  
  87  10:33  Hellion x2, Siege Tank x4  
  87  10:34  SCV, Hellion x2, Siege Tank  
  87  10:35  Armory  
  113  10:38  Hellion  
  113  10:42  Supply Depot  
  115  10:43  Banshee, Supply Depot  
  115  10:49  Marine x2  
  120  10:55  SCV  
  121  11:04  Starport Reactor x2  
  121  11:07  Hyperflight Rotors  
  121  11:17  SCV  
  122  11:22  Supply Depot, Marine  
  122  11:23  Supply Depot  
  123  11:25  Banshee  
  123  11:26  Hellion x3, Siege Tank  
  123  11:31  SCV x3  
  138  11:33  Supply Depot  
  138  11:39  Hellion  
  140  11:42  Hellion, Siege Tank  
  97  12:08  Banshee, Marine  
  97  12:09  Marine  
  97  12:12  Hellion x3, Siege Tank  
  97  12:13  Hellion x2, Siege Tank  
  98  12:26  Marine  
  86  12:58  Hellion x4  
  79  12:59  Hellion x3  
Tags
 
Add a new tag
Caveats
  • Supply blocks, unpowered buildings, or Contaminate may cause inaccurate times.
  • Supply counts are checked every 10 seconds.